Map: Terraform LE (Void)

Players

GreZ

  • Race: Zerg Zerg
  • League: Diamond

Tausken - Winner!

  • Race: Terran Terran
  • League: Platinum

VOD

Have the link to the VOD?

Description

Time

  • Played on: Oct. 13, 2015, 7:40 p.m.
  • Length: 12:10
Show
View Real Time Build Order
Export as new Build Order

GreZ Zerg 

Build Orders: Pool First 

Get SALT Encoding   

  12  0:01  Drone  
  13  0:13  Overlord  
  13  0:19  Drone  
  14  0:32  Drone x2  
  16  0:37  Drone  
  17  0:47  Spawning Pool  
  16  0:50  Drone  
  18  0:57  Drone  
  18  1:18  Hatchery  
  17  1:20  Drone  
  17  1:22  Drone  
  19  1:30  Drone  
  20  1:33  Queen  
  22  1:41  Overlord  
  22  1:50  Extractor  
  21  1:54  Zergling x2  
  22  2:02  Zergling x2  
  23  2:09  Queen  
  25  2:18  Hatchery  
  25  2:21  Drone  
  24  2:34  Queen  
  24  2:35  Drone  
  27  2:42  Drone x2  
  29  2:49  Overlord  
  29  2:54  Drone  
  30  3:01  Spore Crawler  
  30  3:03  Drone  
  30  3:08  Metabolic Boost  
  30  3:09  Drone x2  
  33  3:16  Drone x2  
  35  3:21  Drone x3  
  38  3:28  Overlord  
  38  3:39  Queen  
  40  3:42  Baneling Nest  
  40  3:47  Zergling x2  
  40  3:48  Zergling x8  
  44  3:54  Overlord  
  44  4:00  Zergling x2  
  44  4:01  Zergling x8  
  49  4:09  Overlord  
  48  4:10  Overlord  
  46  4:19  Zergling x2  
  46  4:20  Zergling x10  
  50  4:34  Drone x6  
  50  4:38  Queen  
  55  4:44  Drone x2  
  59  4:52  Drone  
  60  4:57  Lair  
  60  5:00  Evolution Chamber x2  
  60  5:01  Drone  
  60  5:02  Drone x3  
  60  5:04  Drone  
  60  5:05  Drone  
  64  5:08  Extractor  
  64  5:09  Extractor  
  62  5:19  Drone x3  
  65  5:21  Overlord x2  
  65  5:22  Overlord  
  65  5:28  Zergling x8  
  61  5:43  Zergling x10  
  61  5:48  Drone  
  61  5:49  Drone x2  
  66  5:52  Zergling x2  
  66  5:53  Zergling x4  
  67  6:00  Zergling x6  
  65  6:06  Queen  
  65  6:07  Queen  
  65  6:10  Centrifical Hooks  
  69  6:16  Zergling x2  
  69  6:17  Zergling x6  
  73  6:19  Overseer  
  73  6:22  Overlord  
  73  6:24  Overlord  
  73  6:29  Zergling x2  
  73  6:30  Zergling x6  
  77  6:39  Baneling x4  
  70  6:40  Baneling x2  
  70  6:43  Baneling x5  
  65  6:47  Zergling x2  
  65  6:48  Zergling x12  
  65  6:52  Baneling  
  59  6:56  Zergling x10  
  61  7:07  Baneling  
  61  7:08  Baneling x4  
  51  7:10  Zergling x8  
  54  7:18  Zergling x4  
  54  7:22  Baneling x2  
  55  7:24  Baneling  
  55  7:25  Zergling x2, Baneling x5  
  55  7:26  Zergling x6  
  59  7:33  Zergling x4  
  52  7:48  Zergling x2  
  52  7:49  Zergling x2  
  52  7:50  Hatchery  
  53  7:56  Drone  
  52  7:59  Zergling x2  
  52  8:00  Zergling x6  
  56  8:07  Baneling  
  56  8:08  Baneling x4  
  56  8:12  Zergling x8  
  60  8:15  Baneling  
  60  8:23  Baneling  
  60  8:25  Queen  
  62  8:27  Zergling x6  
  62  8:28  Zergling x2  
  66  8:36  Evolution Chamber  
  66  8:37  Zergling x4, Extractor  
  66  8:54  Drone x5  
  70  9:00  Drone  
  70  9:02  Evolution Chamber  
  70  9:06  Drone  
  70  9:07  Extractor  
  70  9:08  Queen  
  72  9:13  Drone x2  
  74  9:19  Zerg Melee Weapons Level 1  
  74  9:21  Drone  
  74  9:22  Drone  
  74  9:24  Drone  
  77  9:35  Baneling x5  
  77  9:36  Baneling x2  
  77  9:38  Zergling x8  
  75  9:42  Zergling x2  
  75  9:43  Zergling x2  
  69  9:47  Zergling x2  
  69  9:48  Zergling x4  
  72  9:54  Zergling x6  
  71  10:02  Zergling x8  
  71  10:11  Queen  
  73  10:19  Drone  
  74  10:26  Drone  
  74  10:27  Drone  
  76  10:32  Queen  
  78  10:46  Zergling x2  
  78  10:47  Zergling x18  
  88  10:50  Extractor  
  88  10:56  Zergling x4  
  88  10:57  Zergling x4  
  91  10:59  Baneling  
  91  11:00  Baneling x8  
  91  11:01  Baneling  
  91  11:06  Zergling x2  
  91  11:07  Zergling x2  
  93  11:13  Baneling  
  93  11:14  Baneling x5  
  88  11:21  Zergling x2  
  88  11:22  Zergling x10  
  80  11:31  Zergling x6  
  80  11:32  Zergling x4  
  55  11:41  Baneling  
  55  11:42  Baneling x3  
  55  11:44  Baneling  
  55  11:45  Baneling x2  
  55  11:46  Zergling x2  
  55  11:47  Zergling x2  
  39  11:51  Baneling  
  39  11:52  Zergling x2, Baneling x4  
Show
View Real Time Build Order
Export as new Build Order

Tausken Terran - Winner!

Build Orders: Reaper Expand, MMM Bio 

Get SALT Encoding   

  12  0:00  SCV  
  13  0:13  SCV  
  14  0:17  Supply Depot  
  14  0:25  SCV  
  15  0:29  Refinery  
  15  0:41  Barracks  
  15  0:44  SCV  
  16  0:57  SCV  
  17  1:09  SCV  
  18  1:24  SCV  
  19  1:29  Reaper  
  20  1:36  Orbital Command  
  20  1:56  Command Center  
  20  1:57  Supply Depot  
  20  2:03  Factory  
  20  2:08  SCV  
  21  2:11  Barracks Reactor  
  21  2:20  SCV  
  22  2:32  SCV  
  23  2:44  SCV, Barracks  
  23  2:49  Barracks  
  24  2:56  Hellion x2  
  29  2:58  SCV  
  29  2:59  Barracks Tech Lab  
  29  3:06  Supply Depot  
  29  3:08  SCV  
  29  3:12  Supply Depot  
  30  3:19  SCV  
  31  3:25  Hellion x2  
  31  3:26  Marine  
  36  3:31  SCV  
  36  3:33  Stimpack  
  37  3:44  SCV  
  37  3:45  Orbital Command  
  37  3:48  Hellion  
  40  3:54  Marine x3  
  43  4:00  SCV  
  44  4:13  Marine  
  44  4:14  Hellion x2, Marine x2  
  51  4:21  SCV x2  
  53  4:31  Marine x3  
  53  4:38  Hellion x2  
  59  4:43  Starport  
  59  4:45  SCV  
  62  4:58  Marine  
  61  5:00  Barracks Reactor x2  
  61  5:06  Armory  
  61  5:16  Marine  
  61  5:18  Supply Depot x2  
  61  5:19  Supply Depot  
  62  5:22  Medivac  
  64  5:30  SCV x2  
  64  5:34  Marine  
  67  5:36  Marine x3  
  67  5:39  Marine  
  69  5:52  Marine  
  69  5:54  Marine x3  
  73  5:57  Marine  
  68  6:10  Marine  
  69  6:11  Marine x3  
  69  6:12  Starport Reactor  
  69  6:15  Combat Shields, Marine  
  71  6:21  SCV x2  
  71  6:22  Command Center, Barracks  
  71  6:24  Barracks x2  
  73  6:27  Marine  
  73  6:28  Hellion x2  
  73  6:29  Marine x3  
  81  6:33  Marine  
  81  6:35  SCV x2  
  80  7:01  Marine x3  
  79  7:04  Marine x2  
  79  7:07  Medivac  
  73  7:14  Marine x2  
  73  7:15  Refinery, Marine  
  76  7:18  SCV x2, Marine  
  76  7:19  Marine x2  
  76  7:22  Marine x2  
  75  7:32  Marine x3  
  75  7:36  Marine  
  64  7:40  Marine  
  67  7:44  SCV x2  
  67  7:47  Refinery x2  
  67  7:49  SCV, Engineering Bay x2  
  71  7:52  Barracks Reactor x3  
  71  7:57  Marine x4  
  71  7:58  Marine  
  71  8:04  Hellbat x2  
  76  8:10  Medivac  
  76  8:12  SCV x2  
  80  8:15  Marine x4  
  80  8:18  Orbital Command  
  80  8:19  Marine  
  85  8:21  Terran Infantry Weapons Level 1  
  85  8:24  SCV  
  86  8:29  Marine x4  
  86  8:31  Hellbat  
  86  8:32  SCV, Hellbat  
  86  8:33  Terran Infantry Armor Level 1, Marine x2  
  97  8:36  SCV  
  97  8:37  Marauder  
  100  8:44  Marine x2  
  100  8:45  Medivac  
  104  8:53  Marine x3  
  104  8:54  Marine x3  
  109  9:07  Supply Depot x3  
  109  9:09  Concussive Shells, Marine x4  
  115  9:10  Marauder  
  115  9:11  Marine x2  
  117  9:28  Medivac x2, Marine x4  
  117  9:29  Hellbat x2  
  131  9:31  Marauder  
  110  9:48  Marine x4  
  110  9:49  Marine x6  
  110  9:52  Marine  
  111  10:06  Marine x4  
  107  10:07  Marine x6  
  107  10:08  Medivac x2  
  117  10:22  Marine  
  118  10:40  Marauder  
  118  11:02  Marauder  
  120  11:04  Marine x6  
  120  11:05  Marine x4  
  118  11:22  Orbital Command  
  84  11:34  Marine x6  
  84  11:35  SCV  
  89  11:45  SCV  
  89  11:47  SCV  
  89  11:53  SCV  
  94  11:58  SCV  
Tags
 
Add a new tag
Caveats
  • Supply blocks, unpowered buildings, or Contaminate may cause inaccurate times.
  • Supply counts are checked every 10 seconds.